 Dungeon Crawl Stone Soup version 0.27-a0-679-g77a6b55cf3 (webtiles) character file.

Game seed: 12976423875673070935

2857 wakim the Stinger (level 9, -9/44 (51) HPs)
             Began as an Octopode Venom Mage on Mar 18, 2021.
             Was a Believer of Vehumet.
             Killed from afar by Josephine (20 damage)
             ... with a ghostly fireball
             ... on level 10 of the Dungeon.
             The game lasted 00:34:47 (11413 turns).

wakim the Stinger (Octopode Venom Mage)            Turns: 11413, Time: 00:34:48

HP:   -9/44 (51)    AC:  1    Str: 10    XL:     9   Next: 75%
MP:   0/15          EV: 15    Int: 21    God:    Vehumet [**....]
Gold: 334           SH:  5    Dex: 12    Spells: 2/16 levels left

rFire    . . .     SeeInvis .   a - +3 scimitar (holy)
rCold    . . .     Faith    .   w - +0 buckler
rNeg     . . .     Spirit   .   (helmet restricted)
rPois    .         Reflect  .   (no amulet)
rElec    .         Harm     .   d - ring of the Harvest {Wiz Str+3}
rCorr    .         Rampage  .   (no ring)
Will     .....                  (no ring)
Stlth    ++++......             (no ring)
HPRegen  0.14/turn              (no ring)
MPRegen  0.14/turn              (no ring)
                                (no ring)
                                (no ring)

@: very slightly contaminated, hasted, heavily drained, very quick
A: almost no armour, amphibious, 8 rings, camouflage 1, gelatinous body 1,
nimble swimmer 1, tentacles
a: Renounce Religion


You were on level 10 of the Dungeon.
You worshipped Vehumet.
Vehumet was pleased with you.
You visited 2 branches of the dungeon, and saw 10 of its levels.

You collected 433 gold pieces.
You spent 99 gold pieces at shops.

Inventory:

Hand Weapons
 a - a +3 scimitar of holy wrath (weapon)
 b - a +0 hunting sling of flaming
 r - a +0 falchion of electrocution
 u - a +2 dagger of venom
Missiles
 k - 118 sling bullets
 o - 20 boomerangs
Armour
 w - a +0 buckler (worn)
Jewellery
 d - the ring of the Harvest (left tentacle) {Wiz Str+3}
   (You acquired it on level 2 of the Dungeon)

   [ring of wizardry]

   It improves your spell success rate.
   It affects your strength (+3).
Wands
 p - a wand of paralysis (7)
Scrolls
 f - a scroll of silence {unknown}
 g - a scroll of enchant armour {unknown}
 l - 2 scrolls of brand weapon
 s - a scroll of enchant weapon {unknown}
 D - a scroll of blinking
 F - a scroll of fog
 K - a scroll of immolation
 W - a scroll of holy word
 X - a scroll of magic mapping {@r4}
 Y - a scroll of teleportation {@r3}
 Z - a scroll of identify {@r1}
Potions
 c - a potion of attraction {unknown}
 e - a potion of flight {unknown}
 h - a potion of degeneration {unknown}
 i - a potion of invisibility {unknown}
 j - 3 potions of heal wounds {unknown}
 m - a potion of cancellation {unknown}
 n - a potion of brilliance {unknown}
 q - 3 potions of curing {unknown}
 M - 3 potions of might
 R - 2 potions of resistance
 U - 2 potions of mutation


   Skills:
 + Level 6.9 Dodging
 - Level 5.5 Stealth
 - Level 4.0 Shields
 - Level 4.0 Spellcasting
 - Level 3.0 Conjurations
 - Level 3.0 Transmutations
 - Level 3.0 Fire Magic
 + Level 4.2 Air Magic
 + Level 7.8 Poison Magic


You had 2 spell levels left.
You knew the following spells:

 Your Spells              Type           Power      Damage    Failure   Level
a - Airstrike             Air            10%        N/A       9%          4
b - Shock                 Conj/Air       76%        1d7       1%          1
g - Ignite Poison         Fire/Tmut/Pois 23%        N/A       2%          3
s - Poisonous Vapours     Pois/Air       58%        N/A       1%          2
w - Olgreb's Toxic Radia  Pois           36%        N/A       1%          4

Your spell library contained the following spells:

 Spells                   Type           Power      Damage    Failure   Level
 Searing Ray              Conj           32%        3d4       2%          2
 Sting                    Tmut/Pois      100%       1d8       1%          1
 Swiftness                Air            21%        N/A       1%          2
 Animate Skeleton         Necr           8%         N/A       4%          1
 Apportation              Tloc           8%         N/A       4%          1
 Corona                   Hex            4%         N/A       4%          1
 Summon Small Mammal      Summ           16%        N/A       4%          1
 Call Imp                 Summ           4%         N/A       8%          2
 Mephitic Cloud           Conj/Pois/Air  25%        N/A       1%          3
 Static Discharge         Conj/Air       19%        N/A       3%          3
 Call Canine Familiar     Summ           4%         N/A       14%         3
 Summon Guardian Golem    Hex/Summ       4%         N/A       14%         3
 Summon Lightning Spire   Summ/Air       13%        N/A       21%         4
 Lightning Bolt           Conj/Air       9%         1d22      28%         5
 Summon Ice Beast         Ice/Summ       4%         N/A       41%         4


Dungeon Overview and Level Annotations

Branches:
Dungeon (10/15)            Temple (1/1) D:4
   Lair: D:8-11         Orc: D:9-12

Altars:
Ashenzari
Cheibriados
Dithmenos
Elyvilon
Fedhas
Kikubaaqudgha
Makhleb
Okawaru
Qazlal
Ru
Sif Muna
Trog
Uskayaw
Vehumet
Wu Jian
Xom
Yredelemnul
Zin

Shops:
D:1 (   D:5 [   D:10 :

Annotations:
D:10 Josephine


Innate Abilities, Weirdness & Mutations

You cannot wear most types of armour.
You are amphibious.
You can wear up to eight rings at the same time.
Your skin changes colour to match your surroundings (Stealth+).
Your rubbery body absorbs attacks. (AC +1, EV +1)
You are stealthy while swimming. (Stealth+)
You have tentacles for arms and can constrict up to eight enemies at once.


Message History

Confirm with . or Enter, or press ? or * to list all spells.
You begin to radiate toxic energy.
Josephine shouts!
Josephine is poisoned.
Josephine looks even sicker.
Your toxic aura wanes.
Casting: Olgreb's Toxic Radiance (dangerous; 1% risk of failure)
Confirm with . or Enter, or press ? or * to list all spells.
You ignite the poison in your surroundings!
Josephine seems to burn from within!
Josephine is moderately wounded.
Casting: Ignite Poison (dangerous; 2% risk of failure)
Confirm with . or Enter, or press ? or * to list all spells.
You begin to radiate toxic energy.
Josephine is poisoned.
Josephine looks even sicker.
Your toxic aura wanes.
Josephine looks more healthy.
Casting: Olgreb's Toxic Radiance (dangerous; 1% risk of failure)
Confirm with . or Enter, or press ? or * to list all spells.
You begin to radiate toxic energy.
Josephine is poisoned.
Josephine looks even sicker.
Your toxic aura wanes.
Casting: Olgreb's Toxic Radiance (dangerous; 1% risk of failure)
Confirm with . or Enter, or press ? or * to list all spells.
You miscast Ignite Poison.
You are very lightly contaminated with residual magic.
Nothing appears to happen.
Josephine points at you and mumbles some strange words.
The ghostly flame explodes!
The ghostly fireball engulfs you!!
You feel drained.
Ouch! That really hurt!
* * * LOW HITPOINT WARNING * * *
Josephine gestures at you while chanting.
The ghostly flame explodes!
The ghostly fireball engulfs you!
You feel drained.
* * * LOW HITPOINT WARNING * * *
Okay, then.
You feel yourself speed up.
Josephine points at you and mumbles some strange words.
The ghostly flame explodes!
The ghostly fireball engulfs you!!
You feel drained.
You die...

#.. #(# #.# #.# #.#
#######+### #.# #.........#
#######.#########.........#
..........@.....@.........#
#######.#########.........#
# #.# #.........# #.#
#.........# #.# #.........#
#.# #...).....# #.#
####'###### #+# #.# #.##


You could see Josephine (poisoned).

Vanquished Creatures
  A troll (D:10)
  A wraith (D:10)
  A wyvern (D:10)
  Edmund (D:6)
  A black bear (D:7)
  An orc warrior (D:7)
  A sky beast (D:6)
  3 ogres
  2 centaurs
  2 phantoms
  5 bullfrogs
  A scorpion (D:10)
  4 killer bees (D:9)
  A howler monkey (D:6)
  A quasit (D:6)
  A hound (D:4)
  3 orc priests
  Crazy Yiuf (D:2)
  A jelly (D:5)
  A bullfrog skeleton (D:7)
  A centaur skeleton (D:10)
  5 iguanas
  5 orc wizards
  2 worker ants (D:5)
  A gnoll (D:4)
  A howler monkey skeleton (D:6)
  8 adders
  A shadow imp (D:6)
  An ufetubus (D:6)
  2 oozes (D:2)
  4 worms
  3 dart slugs
  8 leopard geckos
  29 orcs
  5 bats
  4 giant cockroaches
  8 goblins
  17 hobgoblins
  5 jackals
  3 quokkas
  8 frilled lizards
  A jackal skeleton (D:2)
  14 kobolds
  A quokka zombie (D:5)
  7 rats
177 creatures vanquished.

Vanquished Creatures (others)
  3 fungi (D:2)
3 creatures vanquished.

Grand Total: 180 creatures vanquished

Notes
Turn   | Place    | Note
-------+----------+-------------------------------------------
     0 | D:1      | wakim the Octopode Venom Mage began the quest for the Orb.
     0 | D:1      | Reached XP level 1. HP: 11/11 MP: 3/3
   191 | D:1      | Reached XP level 2. HP: 17/17 MP: 3/5
   194 | D:1      | Learned a level 2 spell: Poisonous Vapours
   218 | D:1      | Reached skill level 4 in Poison Magic
   814 | D:1      | Reached XP level 3. HP: 21/21 MP: 3/6
  1206 | D:1      | Found Qarijiab's Antique Weapon Emporium.
  1841 | D:2      | Reached XP level 4. HP: 27/27 MP: 2/7
  1916 | D:2      | Learned a level 4 spell: Olgreb's Toxic Radiance
  2318 | D:2      | Reached skill level 5 in Poison Magic
  2801 | D:2      | Found a glowing silver altar of Zin.
  2824 | D:2      | Found a shadowy altar of Dithmenos.
  3598 | D:2      | Found a runed translucent door.
  3599 | D:2      | Noticed Crazy Yiuf
  3619 | D:2      | Killed Crazy Yiuf
  3620 | D:2      | Reached XP level 5. HP: 31/31 MP: 3/8
  3702 | D:2      | Identified a scroll of acquirement
  3702 | D:2      | Acquired the ring of the Harvest {Wiz Str+3}
  4443 | D:3      | Found a hide-covered altar of Uskayaw.
  4537 | D:4      | Noticed an ogre
  4649 | D:4      | Reached skill level 6 in Poison Magic
  4653 | D:4      | Learned a level 3 spell: Ignite Poison
  4718 | D:4      | Killed an ogre
  4719 | D:4      | Reached skill level 1 in Fire Magic
  4719 | D:4      | Reached XP level 6. HP: 36/36 MP: 2/10
  4867 | D:4      | Found a staircase to the Ecumenical Temple.
  4875 | Temple   | Entered the Ecumenical Temple
  5039 | Temple   | Became a worshipper of Vehumet
  5990 | D:4      | Reached * piety under Vehumet
  5990 | D:4      | Offered knowledge of Shock by Vehumet.
  5994 | D:4      | Learned a level 1 spell: Shock
  6071 | D:4      | Reached skill level 5 in Stealth
  6071 | D:4      | Reached skill level 1 in Air Magic
  6071 | D:4      | Reached XP level 7. HP: 41/41 MP: 3/11
  6495 | D:5      | Entered Level 5 of the Dungeon
  6575 | D:5      | Found a shimmering altar of Xom.
  7059 | D:5      | Found Titesch's Antique Armour Shoppe.
  7083 | D:5      | Bought a buckler for 99 gold pieces
  7137 | D:5      | Found a white marble altar of Elyvilon.
  7459 | D:5      | Reached skill level 1 in Shields
  7459 | D:5      | Reached XP level 8. HP: 46/46 MP: 5/13
  7775 | D:5      | Found an ornate altar of the Wu Jian Council.
  7781 | D:5      | Offered knowledge of Sandblast by Vehumet.
  8054 | D:4      | Reached ** piety under Vehumet
  8500 | D:6      | Found a hide-covered altar of Uskayaw.
  8823 | D:6      | Reached skill level 5 in Dodging
  8982 | D:6      | Reached skill level 1 in Conjurations
  9001 | D:6      | Noticed Edmund
  9875 | D:6      | Killed Edmund
 10174 | D:7      | Reached XP level 9. HP: 51/51 MP: 12/15
 10266 | D:7      | Found a shimmering blue altar of Sif Muna.
 10350 | D:7      | Learned a level 4 spell: Airstrike
 10412 | D:7      | Identified the +0 ring mail of Context {Int+5}
 10415 | D:7      | You fall into a shaft and drop 3 floors!
 10415 | D:10     | Entered Level 10 of the Dungeon
 10563 | D:10     | Found Vudoankop's Book Shop.
 10566 | D:10     | Noticed a troll
 10577 | D:10     | Killed a troll
 10578 | D:10     | Reached skill level 7 in Poison Magic
 10825 | D:10     | Found a shimmering altar of Xom.
 11168 | D:9      | Offered knowledge of Searing Ray by Vehumet.
 11380 | D:10     | Noticed Josephine
 11413 | D:10     | Killed from afar by Josephine

Illustrated notes

Levels and vault maps discovered:
D:1:      dpeg_arrival_tiny_d, layout_loops_cross, serial_shops, shop_statue,
          minmay_pentomino_s4
D:2:      layout_loops_corners, grunt_temple_overflow_open,
          uniq_crazy_yiuf_cottage
D:3:      layout_basic, nicolae_uskayaw_suspiria
D:4:      corexii_shantytown, layout_cave_pools, minmay_temple_entry_wispy
D:5:      layout_basic, lemuel_crystal_altar, elyvilon_altar_4,
          lemuel_round_altar, serial_shops, shop_fountains,
          kennysheep_big_empty_room, grunt_ministairs_15,
          kennysheep_cross_bottleneck
D:6:      layout_gridville, basic_altar, uniq_edmund
D:7:      layout_basic, overflow_temple_1_default, serial_curves,
          eino_curves_02, eino_curves_03, gammafunk_ghost_arena,
          kennysheep_generic_room_8
D:9:      layout_stronghold, grunt_temple_overflow_opulence,
          gammafunk_temple_overflow_elements
D:10:     layout_roguey, serial_shops, nicolae_shop_behind_doors, basic_altar,
          hangedman_abyss_or_decor_lesser_grid, uniq_josephine, uniq_fannar,
          uniq_erica, uniq_urug
Temple:   minmay_freezing_vapour_temple

Skill      XL: |  1  2  3  4  5  6  7  8  9 |
---------------+----------------------------+-----
Stealth        | 3 4 5 |  5.5
Poison Magic   | 4 5 6 7 |  7.8
Transmutations | 2 3 |  3.0
Spellcasting   | 3 4 |  4.0
Fire Magic     | 1 2 3 |  3.0
Dodging        | 3 4 6 |  6.9
Air Magic      | 1 2 3 4 |  4.2
Shields        | 1 4 |  4.0
Conjurations   | 3 |  3.0

Action                   |  1- 3 |  4- 6 |  7- 9 || total
-------------------------+-------+-------+-------++-------
Melee: Spear             |     3 |     1 |       ||     4
       Dagger            |     2 |    42 |       ||    44
       Constrict         |     2 |    15 |     8 ||    25
       Mace              |    13 |     1 |       ||    14
       Tentacles         |     1 |     6 |     5 ||    12
       Falchion          |       |       |    25 ||    25
       Scimitar          |       |       |     6 ||     6
 Fire: Hunting sling     |       |       |     5 ||     5
 Cast: Sting             |     7 |     3 |       ||    10
       Poisonous Vapours |    29 |    48 |    38 ||   115
       Olgreb's Toxic Ra |       |    16 |    26 ||    42
       Ignite Poison     |       |     4 |    24 ||    28
       Shock             |       |       |    36 ||    36
       Airstrike         |       |       |     6 ||     6
  Use: Scroll            |       |     6 |    11 ||    17
       Potion            |       |       |     2 ||     2
 Stab: Sleeping          |     1 |       |     1 ||     2
Armor: Skin              |    10 |     3 |     2 ||    15
Dodge: Dodged            |    28 |    22 |    49 ||    99
Block: Buckler           |       |       |    15 ||    15
       Rpst.: Falchion   |       |       |     8 ||     8
       Scimitar          |       |       |     4 ||     4

Table legend: (Time is in decaauts)
 A = Elapsed time spent in this place.
 B = Non-inter-level travel time spent in this place.
 C = Inter-level travel time spent in this place.
 D = Time resting spent in this place.
 E = Time spent auto-exploring this place.
 F = Levels seen in this place.
 G = Mean time per level.
                   A        B        C        D        E       F      G
               +--------+--------+--------+--------+--------+-----+--------+
         Total |  11419 |  10883 |    536 |    289 |   8937 |  10 | 1141.9 |
       Dungeon |  11255 |  10719 |    536 |    289 |   8793 |   9 | 1250.6 |
        Temple |    164 |    164 |      0 |      0 |    144 |   1 |  164.0 |
               +--------+--------+--------+--------+--------+-----+--------+

Top non-repeatable levels by time:
     D:4: 2198 daAuts
     D:2: 1916 daAuts
     D:1: 1794 daAuts
     D:5: 1634 daAuts
     D:6: 1387 daAuts
    D:10: 1000 daAuts
     D:3: 977 daAuts
     D:7: 343 daAuts
  Temple: 164 daAuts
     D:9: 3 daAuts
